[Event "Team 45 45 League T48"]
[Site "Internet Chess Club"]
[Date "2011.02.27"]
[Round "3"]
[White "az2112"]
[Black "SneakyRed"]
[Result "0-1"]
[WhiteElo "1762"]
[BlackElo "1843"]
[Opening "Caro-Kann: advance variation"]
[ECO "B12"]
[Time "09:43:32"]
[TimeControl "2700+45"]

1. e4 c6 2. d4 d5 3. e5 Bf5 4. g4 Be4 5. f3 Bg6 6. h4 h5 7. e6 Qd6 8. exf7+ Bxf7
9. Ne2 hxg4 10. fxg4 Nf6 11. Bf4 Qb4+ 12. Nbc3 Nxg4 13. Qd2 Nd7 14. Bg3 e5 15.
Bh3 Bh5 16. dxe5 Ngxe5 17. O-O-O Bg4 18. Bxe5 Nxe5 19. Qe3 Qe7 20. Nxd5 cxd5 21.
Rxd5 Nc4 22. Qxe7+ Bxe7 23. Bxg4 Ne3 24. Rd4 Rd8 25. Bf3 b6 26. Bc6+ Kf8 27.
Rf4+ Kg8 28. Re4 Rxh4 29. Rxe3 Rxh1+ 30. Bxh1 Bg5 31. b3 Bxe3+ 32. Kb2 g5 33.
Be4 Kg7 34. Ng3 Kf6 35. Bd3 Ke5 36. Ne2 g4 37. Kc3 Bf2 38. Kd2 g3 {White
resigns} 0-1

[Event "Team 45 45 League T48"]
[Site "Internet Chess Club"]
[Date "2011.02.26"]
[Round "3"]
[White "Terte"]
[Black "superbeast"]
[Result "0-1"]
[WhiteElo "2059"]
[BlackElo "1932"]
[Opening "Sicilian: Alapin's variation (2.c3)"]
[ECO "B22"]
[Time "13:05:53"]
[TimeControl "2700+45"]

1. e4 c5 2. c3 Nf6 3. e5 Nd5 4. Nf3 Nc6 5. Bc4 Nb6 6. Bb3 d5 7. d4 cxd4 8. cxd4
Bg4 9. Be3 e6 10. O-O Be7 11. Nbd2 O-O 12. a3 f6 13. h3 Bf5 14. exf6 Rxf6 15.
Nh4 Bd3 16. Re1 Rc8 17. Qg4 Bf5 18. Qe2 Na5 19. Bg5 Rf7 20. Bxe7 Qxe7 21. Nxf5
Rxf5 22. Ba2 Rcf8 23. Nf3 R5f6 24. Rac1 Nac4 25. Rc2 Rxf3 26. gxf3 Qg5+ 27. Kf1
Rf6 28. Bxc4 Qh4 29. Qe3 Qxh3+ 30. Ke2 Nxc4 31. Qd3 Qh5 32. b3 Nd6 33. Rc7 Rf7
34. Rec1 h6 35. Rxf7 Qxf7 36. Qe3 Nf5 37. Qe5 Nh4 38. Rc3 Kh7 39. Qg3 Nf5 40.
Qf4 h5 41. Qe5 h4 42. f4 Qh5+ 43. Kd2 h3 44. Qxe6 h2 45. Rc8 Nh6 46. Rc1 h1=Q
47. Rxh1 Qxh1 48. f5 Qg2 49. Kc3 Qf3+ 50. Kb4 Nxf5 51. Qf7 Nxd4 52. Qxf3 Nxf3
53. Kc5 d4 54. Kc4 Kg6 55. Kd3 Kf5 {White resigns} 0-1

[Event "Team 45 45 League T48"]
[Site "Internet Chess Club"]
[Date "2011.02.26"]
[Round "3"]
[White "rayonline53"]
[Black "mugurelt"]
[Result "1/2-1/2"]
[WhiteElo "1589"]
[BlackElo "1767"]
[Opening "Sicilian: Scheveningen (Paulsen), classical variation"]
[ECO "B84"]
[Time "16:31:38"]
[TimeControl "2700+45"]

1. e4 c5 2. Nf3 d6 3. d4 cxd4 4. Nxd4 Nf6 5. Nc3 a6 6. Be2 e6 7. Be3 Be7 8. O-O
O-O 9. Qd2 Qc7 10. Rad1 Nc6 11. f4 b5 12. Bf3 Bb7 13. Nxc6 Bxc6 14. a3 Rad8 15.
Qe2 Qb7 16. e5 Bxf3 17. Qxf3 Qxf3 18. gxf3 Nh5 19. Ne4 d5 20. Ng3 Nxg3 21. hxg3
Rc8 22. c3 g6 23. Kh2 Kg7 24. Kh3 Rc6 25. g4 h5 26. Rg1 hxg4+ 27. fxg4 Bc5 28.
Bxc5 Rxc5 29. Rd4 Rfc8 30. Kg3 a5 31. Rgd1 Rc4 32. Rxc4 bxc4 33. Rd2 a4 34. Kf3
Rh8 35. Ke3 Rh3+ 36. Kf2 g5 37. f5 Rh2+ 38. Ke3 Rh3+ 39. Kf2 Rh2+ 40. Ke3 Rxd2
41. Kxd2 f6 42. exf6+ Kxf6 43. fxe6 Kxe6 44. Ke3 Ke5 45. Kf3 d4 46. cxd4+ Kxd4
47. Ke2 Ke4 48. Kd2 Kf4 49. Kc3 Kxg4 50. Kxc4 Kf4 51. b4 g4 52. b5 g3 53. b6 g2
54. b7 g1=Q 55. b8=Q+ Kf3 56. Qf8+ Ke2 57. Qe7+ Kd1 58. Qd6+ Kc2 59. Qd3+ Kb2
60. Qc3+ Ka2 61. Qc2+ Kxa3 62. Qc3+ Ka2 63. Qc2+ Ka3 64. Qc3+ Ka2 {Game drawn by
mutual agreement} 1/2-1/2

[Event "Team 45 45 League T48"]
[Site "Internet Chess Club"]
[Date "2011.02.25"]
[Round "3"]
[White "Victorianum"]
[Black "nursey"]
[Result "1-0"]
[WhiteElo "1785"]
[BlackElo "1604"]
[Opening "Trompowsky attack (Ruth, Opocenský opening)"]
[ECO "A45"]
[Time "14:02:06"]
[TimeControl "2700+45"]

1. d4 Nf6 2. Bg5 d5 3. Bxf6 exf6 4. e3 Bb4+ 5. c3 Bd6 6. Bd3 O-O 7. Qh5 f5 8.
Qf3 c6 9. Bxf5 Bxf5 10. Qxf5 Qb6 11. Qc2 Re8 12. Nf3 Nd7 13. Nbd2 Qb5 14. Qb3 a6
15. a4 Qxb3 16. Nxb3 Nf6 17. Nbd2 b6 18. O-O c5 19. Rab1 Rac8 20. Rfc1 h6 21. b3
Kf8 22. c4 cxd4 23. Nxd4 dxc4 24. Nxc4 Bc5 25. Nf3 Ne4 26. b4 Be7 27. Nxb6 Rxc1+
28. Rxc1 Bxb4 29. Rc4 Bd6 30. g3 f5 31. Nd4 g6 32. Rc6 Be5 33. Nd7+ Kf7 34.
Nxe5+ Rxe5 35. Rxa6 Nc5 36. Ra7+ Re7 37. Rxe7+ Kxe7 38. a5 Kd8 39. Nc6+ Kc7 40.
Ne7 Nb3 41. Nxg6 Nxa5 42. Ne7 f4 43. exf4 Nc4 44. Nf5 h5 45. Kg2 Kd7 46. Ng7 h4
47. g4 Nd2 48. Nf5 Ne4 49. Nxh4 Ke6 50. g5 {Black resigns} 1-0

[Event "Team 45 45 League T48"]
[Site "Internet Chess Club"]
[Date "2011.02.24"]
[Round "3"]
[White "randallsr"]
[Black "charles-allen"]
[Result "1-0"]
[WhiteElo "1822"]
[BlackElo "1860"]
[Opening "Réti: advance variation"]
[ECO "A09"]
[Time "20:09:57"]
[TimeControl "2700+45"]

1. Nf3 d5 2. c4 d4 3. e3 Nc6 4. exd4 Nxd4 5. Nxd4 Qxd4 6. Nc3 Nf6 7. Be2 e5 8.
d3 Bc5 9. Be3 Qd6 10. Qd2 O-O 11. a3 c6 12. Rd1 Bd4 13. Ne4 Nxe4 14. dxe4 c5 15.
Bxd4 exd4 16. Qg5 Be6 17. f4 f6 18. Qg3 Qb6 19. Rd2 Qa6 20. Qd3 Qd6 21. f5 Bf7
22. O-O Rfe8 23. b3 Re5 24. a4 Rae8 25. Bf3 R8e7 26. g4 Be8 27. Rff2 Bc6 28.
Rde2 Qd8 29. Rf1 Qe8 30. Rfe1 a6 31. Kg2 b5 32. axb5 axb5 33. h3 bxc4 34. bxc4
Qa8 35. h4 Ra7 36. Rb1 Ra3 37. Rb8+ Qxb8 38. Qxa3 Qa8 39. Qxa8+ Bxa8 40. Kg3 Re7
41. Kf4 Bc6 42. g5 Kf7 43. h5 Rb7 44. g6+ hxg6 45. hxg6+ Ke7 46. e5 Bxf3 47.
exf6+ Kf8 48. Kxf3 gxf6 49. Re6 Kg7 50. Rc6 Rb3+ 51. Kf4 d3 52. Ke3 d2+ 53. Kxd2
Rf3 54. Rxc5 Rf4 55. Ke3 Rf1 56. Rc7+ Kg8 57. Ke4 Re1+ 58. Kd5 Re5+ 59. Kd6 Rxf5
60. Ke6 Rf4 61. c5 Rf1 62. c6 f5 63. Kf6 Rc1 64. Rc8# {Black checkmated} 1-0

[Event "Team 45 45 League T48"]
[Site "Internet Chess Club"]
[Date "2011.02.27"]
[Round "3"]
[White "flyingpawns"]
[Black "Goli"]
[Result "1-0"]
[WhiteElo "1747"]
[BlackElo "1768"]
[Opening "King's Indian: Petrosian system"]
[ECO "E92"]
[Time "14:01:04"]
[TimeControl "2700+45"]

1. d4 Nf6 2. c4 g6 3. Nc3 Bg7 4. Nf3 O-O 5. e4 d6 6. Be2 e5 7. d5 Bg4 8. h3 Bxf3
9. Bxf3 Nbd7 10. O-O a5 11. Be3 Ne8 12. a3 f5 13. b4 f4 14. Bd2 axb4 15. axb4
Nef6 16. Be2 Qe7 17. Qb3 c6 18. dxc6 bxc6 19. c5+ Kh8 20. Rxa8 Rxa8 21. cxd6
Qxd6 22. Rd1 Qe7 23. b5 cxb5 24. Bxb5 Rd8 25. Bc1 Nc5 26. Rxd8+ Qxd8 27. Qc2 Bf8
28. Bb2 Ncd7 29. Nd5 Nxd5 30. exd5 Bd6 31. Qe4 Qb6 32. Qe2 Qc7 33. Bxd7 Qxd7 34.
Bxe5+ Bxe5 35. Qxe5+ Kg8 36. d6 f3 37. Qd5+ Kg7 38. gxf3 Kf6 39. Kg2 Qe6 40.
Qd4+ {Black resigns} 1-0

[Event "Team 45 45 League T48"]
[Site "Internet Chess Club"]
[Date "2011.02.25"]
[Round "3"]
[White "justice02"]
[Black "j65536d"]
[Result "1-0"]
[WhiteElo "1662"]
[BlackElo "1806"]
[Opening "Réti opening"]
[ECO "E90"]
[Time "22:00:29"]
[TimeControl "2700+45"]

1. Nf3 g6 2. c4 Bg7 3. Nc3 Nf6 4. d4 O-O 5. e4 d6 6. Bd3 e5 7. d5 Ne8 8. h4 f5
9. h5 Nf6 10. hxg6 hxg6 11. Bg5 f4 12. Qb3 Nbd7 13. O-O-O b6 14. g3 fxg3 15.
fxg3 Qe8 16. Nb5 Qd8 17. Qc2 a6 18. Nc3 Qe8 19. Qh2 Kf7 20. Rdf1 Rh8 21. Bh4 Kg8
22. Ng5 Nc5 23. Bc2 Ng4 24. Qe2 Bd7 25. b4 Nb7 26. Rf7 Bh6 27. Rhf1 Bxg5+ 28.
Bxg5 Qxf7 29. Rxf7 Kxf7 30. Bd1 Raf8 31. c5 bxc5 32. Qxa6 Rb8 33. Bxg4 Bxg4 34.
Qf1+ Kg8 35. Qf6 Rh7 36. Qxg6+ Rg7 37. Qh6 Rh7 38. Qg6+ Rg7 39. Qh6 Kf7 40. Qf6+
Kg8 41. Bh6 Rh7 42. Qg6+ Kh8 43. bxc5 Nxc5 44. Kc2 Nd7 45. Qxg4 Rxh6 46. Qxd7
Rh7 47. Qc6 Rb6 48. Qc4 Kg8 49. a4 Rb7 50. a5 Rh2+ 51. Kd3 Rg2 52. Ne2 Rb2 53.
Ke3 Rb1 54. Kf3 Rh2 55. a6 Rf1+ 56. Kg4 Rh7 57. Qb5 Rg7+ 58. Kh3 Ra1 59. a7 Kh7
60. Qb8 Rg8 61. Qxc7+ Rg7 62. Qxd6 Raxa7 63. Qxe5 {Black resigns} 1-0

[Event "Team 45 45 League T48"]
[Site "Internet Chess Club"]
[Date "2011.02.27"]
[Round "3"]
[White "chicopee-ed"]
[Black "Tjet"]
[Result "1-0"]
[WhiteElo "1412"]
[BlackElo "1517"]
[Opening "Robatsch defense: Geller's system"]
[ECO "A41"]
[Time "17:04:50"]
[TimeControl "2700+45"]

1. d4 d6 2. Nf3 g6 3. e4 Bg7 4. c3 a6 5. Bd3 e6 6. O-O Ne7 7. Be3 O-O 8. Nbd2 b6
9. Re1 Bb7 10. Nf1 c5 11. Qd2 Nd7 12. Bh6 cxd4 13. Bxg7 Kxg7 14. cxd4 Nc6 15.
Rac1 Rc8 16. Ne3 e5 17. dxe5 Ncxe5 18. Nxe5 Nxe5 19. Rxc8 Qxc8 20. Rc1 Qd7 21.
Nd5 Bxd5 22. exd5 Nxd3 23. Qxd3 b5 24. Qc3+ Kg8 25. Qc6 Qe7 26. Qxa6 Re8 27.
Qxb5 Qe2 28. Qxe2 Rxe2 29. Rb1 Rd2 30. a4 Rxd5 31. b4 Kf8 32. b5 Ke7 33. b6
{Black resigns} 1-0

[Event "Team 45 45 League T48"]
[Site "Internet Chess Club"]
[Date "2011.02.26"]
[Round "3"]
[White "alaskauk"]
[Black "milesotoole"]
[Result "1-0"]
[WhiteElo "1453"]
[BlackElo "1446"]
[Opening "Sicilian: Hungarian variation"]
[ECO "B27"]
[Time "09:20:04"]
[TimeControl "2700+45"]

1. e4 c5 2. Nf3 g6 3. Bc4 Bg7 4. O-O e6 5. a3 Ne7 6. Re1 O-O 7. d4 cxd4 8. Nxd4
d5 9. exd5 Nxd5 10. c3 b6 11. Qd3 Bb7 12. Be3 Nxe3 13. Rxe3 Nd7 14. Nxe6 Ne5 15.
Nxd8 Nxd3 16. Nxb7 Nxb2 17. Bb3 Rab8 18. Nd6 Rbd8 19. Ne4 Rd7 20. Ned2 Bh6 21.
Re2 Nd3 22. f3 Rfd8 23. Ne4 Kg7 24. Ba4 Re7 25. Bc2 f5 26. Bxd3 Rxd3 27. Ng3
Be3+ 28. Kf1 Rd1+ 29. Re1 Rd2 30. Nxd2 {Black resigns} 1-0

[Event "Team 45 45 League T48"]
[Site "Internet Chess Club"]
[Date "2011.02.26"]
[Round "3"]
[White "fuzzface"]
[Black "dpmdpm"]
[Result "1-0"]
[WhiteElo "1407"]
[BlackElo "1494"]
[Opening "English: symmetrical variation"]
[ECO "A30"]
[Time "09:05:14"]
[TimeControl "2700+45"]

1. c4 c5 2. g3 g6 3. Bg2 Bg7 4. Nc3 Nf6 5. d3 Nc6 6. Bg5 O-O 7. e3 d6 8. Nge2 h6
9. Bxf6 Bxf6 10. Qd2 a6 11. e4 e6 12. O-O Bd7 13. a3 Qc8 14. Qf4 Be5 15. Qxh6
Bg7 16. Qg5 Qc7 17. Qd2 Nd4 18. Nxd4 cxd4 19. Ne2 Bc6 20. Rac1 Rac8 21. b4 Qe7
22. Kh1 e5 23. Bh3 Bd7 24. Bxd7 Qxd7 25. f4 Bh6 26. Rc2 Qh3 27. Ng1 Qg4 28. Qe2
Qe6 29. f5 gxf5 30. Rxf5 Kh7 31. Qh5 f6 32. Rcf2 Rf7 33. Nh3 Rcf8 34. Qh4 Qe7
35. Rh5 {Black resigns} 1-0

[Event "Team 45 45 League T48"]
[Site "Internet Chess Club"]
[Date "2011.02.26"]
[Round "3"]
[White "otib2006"]
[Black "Toalla"]
[Result "1/2-1/2"]
[WhiteElo "1249"]
[BlackElo "1200"]
[Opening "Sicilian defense"]
[ECO "B20"]
[Time "10:01:24"]
[TimeControl "2700+45"]

1. e4 c5 2. Bc4 e6 3. Nf3 Nc6 4. Nc3 Na5 5. Bb5 a6 6. Be2 Nc6 7. d4 cxd4 8. Nxd4
Bc5 9. Be3 Qb6 10. Na4 Qa5+ 11. Nc3 Qb6 12. Na4 Qa5+ 13. Nc3 Qb6 {Game drawn by
repetition} 1/2-1/2

[Event "Team 45 45 League T48"]
[Site "Internet Chess Club"]
[Date "2011.03.01"]
[Round "3"]
[White "pudge"]
[Black "OOB1"]
[Result "1-0"]
[WhiteElo "1407"]
[BlackElo "1462"]
[Opening "Sicilian defense"]
[ECO "B44"]
[Time "20:09:06"]
[TimeControl "2700+45"]

1. e4 c5 2. Nf3 Nc6 3. d4 cxd4 4. Nxd4 e6 5. Be3 Nf6 6. Bd3 d5 7. exd5 Nxd5 8.
Nxc6 Nxe3 9. Nxd8 Nxd1 10. Nxf7 Kxf7 11. Kxd1 Bc5 12. f3 Rd8 13. Nd2 Bd7 14. Ke2
Bc6 15. Ne4 Be7 16. a3 a6 17. b4 b5 18. c4 bxc4 19. Bxc4 Rd4 20. Bd3 Bxe4 21.
Bxe4 Rad8 22. Rhd1 h6 23. Rxd4 Rxd4 24. Rd1 Rxd1 25. Kxd1 a5 26. bxa5 Bxa3 27.
a6 Bc5 28. Kc2 Ke7 29. Kb3 Kd7 30. Ka4 Kc7 31. Kb5 Ba7 32. Bg6 Kd6 33. g4 e5 34.
h4 Bd4 35. h5 Ba7 36. Be4 Be3 37. Kc4 Ba7 38. Kd3 Bb6 39. Bb7 Ke6 40. Ke4 Ba7
41. Bc8+ Kf6 42. Kd5 Be3 43. Bf5 Bf2 44. Kc6 Kg5 45. Be4 Kf6 46. Kb7 Ke6 47. a7
Bxa7 48. Kxa7 Kd6 49. Kb6 Kd7 50. Kc5 Ke6 51. Bf5+ Kf6 52. Kd5 {Black resigns}
1-0

[Event "Team 45 45 League T48"]
[Site "Internet Chess Club"]
[Date "2011.02.26"]
[Round "3"]
[White "Visin"]
[Black "Bamilus"]
[Result "1-0"]
[WhiteElo "1387"]
[BlackElo "1264"]
[Opening "Giuoco Pianissimo"]
[ECO "C55"]
[Time "15:01:09"]
[TimeControl "2700+45"]

1. e4 e5 2. Nf3 Nc6 3. Bc4 Nf6 4. d3 Bc5 5. Bg5 O-O 6. a3 h6 7. Bh4 d6 8. h3 Na5
9. Ba2 Bb6 10. Nc3 Qe8 11. Bxf6 gxf6 12. Nd5 Qd8 13. Qd2 Kh7 14. Nh2 c6 15. Nxb6
Qxb6 16. O-O-O Be6 17. Bxe6 fxe6 18. Ng4 Qc7 19. Qxh6+ Kg8 20. Nxf6+ Rxf6 21.
Qxf6 Rf8 22. Qxe6+ {Black resigns} 1-0

[Event "Team 45 45 League T48"]
[Site "Internet Chess Club"]
[Date "2011.02.25"]
[Round "3"]
[White "medsurg"]
[Black "MateIn42"]
[Result "0-1"]
[WhiteElo "1374"]
[BlackElo "1457"]
[Opening "Sicilian: closed"]
[ECO "B25"]
[Time "20:02:02"]
[TimeControl "2700+45"]

1. e4 c5 2. Nc3 d6 3. g3 g6 4. Bg2 Bg7 5. d3 Nc6 6. Nge2 Nf6 7. h3 O-O 8. O-O
Bd7 9. f4 Qc8 10. Kh2 Nd4 11. Nxd4 cxd4 12. Ne2 Qc5 13. g4 Bxg4 14. hxg4 Nxg4+
15. Kg3 h5 16. Bh3 Bf6 17. Bxg4 hxg4 18. Rh1 Kg7 19. Bd2 Rh8 20. Rxh8 Rxh8 21.
Ng1 Bh4+ 22. Kg2 Qh5 23. Qe2 Bg3 24. Kf1 Qc5 25. Qxg4 Qxc2 26. Qxg3 Qxd2 27. Re1
Qxb2 28. Re2 Qb1+ 29. Re1 Qxa2 30. f5 Qd2 31. Re2 Qd1+ 32. Kf2 a5 33. Nf3 Qxd3
34. Rb2 Rh1 35. Qg2 Qe3+ 36. Kg3 Rh5 {White resigns} 0-1

[Event "Team 45 45 League T48"]
[Site "Internet Chess Club"]
[Date "2011.02.27"]
[Round "3"]
[White "katabatico"]
[Black "BCbudd"]
[Result "0-1"]
[WhiteElo "1419"]
[BlackElo "1220"]
[Opening "Philidor's defense"]
[ECO "C41"]
[Time "14:00:30"]
[TimeControl "2700+45"]

1. e4 e5 2. Nf3 d6 3. d4 Nc6 4. Bb5 Bd7 5. O-O a6 6. Bxc6 Bxc6 7. Re1 exd4 8.
Nxd4 Qd7 9. Nc3 Nf6 10. Nxc6 Qxc6 11. Nd5 O-O-O 12. Nxf6 gxf6 13. c3 Rg8 14. Bf4
f5 15. Qd5 Qxd5 16. exd5 Rg4 17. g3 Kd7 18. Re2 Re8 19. Rae1 Rxe2 20. Rxe2 Bg7
21. c4 Bf6 22. b4 Rg8 23. Kf1 Bg5 24. Bxg5 Rxg5 25. f4 Rg6 26. a4 c5 27. dxc6+
bxc6 28. Kg2 Re6 29. Kf3 Kc7 30. h3 Kb6 31. g4 fxg4+ 32. hxg4 c5 33. a5+ Kc6 34.
f5 Rxe2 35. b5+ axb5 36. Kxe2 bxc4 37. a6 Kb6 38. Kd2 Kxa6 39. Kc3 Kb5 40. g5 d5
41. g6 d4+ 42. Kc2 hxg6 43. fxg6 fxg6 44. Kc1 Kb4 45. Kb1 Kb3 46. Ka1 c3 47. Kb1
c2+ 48. Kc1 c4 49. Kd2 Kb2 {White resigns} 0-1

[Event "Team 45 45 League T48"]
[Site "Internet Chess Club"]
[Date "2011.02.26"]
[Round "3"]
[White "randallsr"]
[Black "civilization"]
[Result "1/2-1/2"]
[WhiteElo "1819"]
[BlackElo "1748"]
[Opening "English opening"]
[ECO "A05"]
[Time "14:12:18"]
[TimeControl "2700+45"]

1. Nf3 Nf6 2. c4 g6 3. b3 Bg7 4. Bb2 O-O 5. g3 d6 6. Bg2 Nbd7 7. O-O e5 8. d3
Re8 9. Nbd2 c6 10. Rc1 a5 11. a3 Qb6 12. Rc2 Nc5 13. d4 Ncd7 14. dxe5 Nxe5 15.
Nxe5 dxe5 16. Qa1 Qd8 17. Rd1 Qe7 18. e4 b6 19. a4 Bb7 20. Nf1 c5 21. f3 Nd7 22.
Ne3 Nf8 23. Nd5 Bxd5 24. Rxd5 f6 25. Rcd2 Rad8 26. Qd1 Ne6 27. Rd7 Rxd7 28. Rxd7
Rd8 29. Rxd8+ Qxd8 30. Qd5 Qxd5 31. cxd5 Nd4 32. Bxd4 cxd4 33. Bf1 Bf8 34. Bc4
Bd6 35. Kf2 Kf7 36. g4 h5 37. g5 fxg5 38. Kg3 Kf6 39. h3 Bc5 40. h4 Bd6 41. Bd3
Bc7 42. Bc4 Bd6 43. Bd3 Bc7 {Game drawn by mutual agreement} 1/2-1/2

[Event "Team 45 45 League T48"]
[Site "Internet Chess Club"]
[Date "2011.02.27"]
[Round "3"]
[White "crazyhorses"]
[Black "rahulr"]
[Result "1-0"]
[WhiteElo "1549"]
[BlackElo "1561"]
[Opening "Réti: King's Indian attack"]
[ECO "A05"]
[Time "12:00:24"]
[TimeControl "2700+45"]

1. Nf3 Nf6 2. g3 g6 3. Bg2 Bg7 4. O-O O-O 5. d3 c5 6. Nbd2 d6 7. e4 Nbd7 8. Re1
b6 9. c3 Bb7 10. Qc2 Qc7 11. d4 cxd4 12. Nxd4 Ng4 13. N4b3 Nc5 14. h3 Ne5 15.
Nxc5 dxc5 16. f4 Nc6 17. e5 e6 18. Nc4 Ne7 19. Bxb7 Qxb7 20. Nd6 Qf3 21. Qg2
Qxg2+ 22. Kxg2 Nf5 23. Ne4 Rad8 24. g4 Ne7 25. c4 f6 26. exf6 Bxf6 27. Nxf6+
Rxf6 28. Be3 Nc6 29. Rad1 Nd4 30. Bxd4 cxd4 31. Kg3 Rd6 32. Re4 d3 33. Re3 Rd4
34. Rdxd3 Rxc4 35. Rd8+ Kg7 36. Rd7+ Rf7 37. Rxf7+ Kxf7 38. Kf3 Ke7 39. f5 g5
40. Rxe6+ Kd7 41. Rh6 Rc7 42. Rxh7+ Kd6 43. Rxc7 Kxc7 44. Ke4 Kd6 45. f6 Ke6 46.
f7 Kxf7 47. Kf5 Kg7 48. Kxg5 a6 49. b4 b5 50. Kf5 Kf7 51. h4 Ke7 52. Kg6 Kf8 53.
Kf6 Kg8 54. g5 Kh7 55. h5 Kh8 56. g6 Kg8 57. h6 Kh8 58. Kf7 a5 59. bxa5 b4 60.
a6 b3 61. a7 b2 62. a8=Q# {Black checkmated} 1-0

[Event "Team 45 45 League T48"]
[Site "Internet Chess Club"]
[Date "2011.02.28"]
[Round "3"]
[White "allanchs"]
[Black "chicopee-ed"]
[Result "1-0"]
[WhiteElo "1508"]
[BlackElo "1400"]
[Opening "Sicilian defense"]
[ECO "B34"]
[Time "14:00:12"]
[TimeControl "2700+45"]

1. e4 c5 2. Nf3 Nc6 3. d4 cxd4 4. Nxd4 g6 5. Be3 Bg7 6. Nc3 Nf6 7. Be2 O-O 8.
O-O d5 9. exd5 Nxd5 10. Nxc6 bxc6 11. Nxd5 cxd5 12. c3 Bf5 13. Qd2 e6 14. Bh6
Rb8 15. Bxg7 Kxg7 16. Rfd1 Qf6 17. b3 Rfd8 18. Qe3 Ra8 19. Rac1 a5 20. g4 Be4
21. f3 Bf5 22. gxf5 Qxf5 23. c4 dxc4 24. Rxd8 Rxd8 25. Bxc4 Rc8 26. Kg2 a4 27.
Kg3 axb3 28. axb3 Qa5 29. Rd1 Rd8 30. Rxd8 Qxd8 31. f4 Qe7 32. Qd4+ Kg8 33. Be2
Qa3 34. Bc4 Qe7 35. h3 Qb7 36. Qe3 Qe7 37. Qe1 Qa7 38. Kg4 Qe7 39. Qe5 Qa7 40.
Qe1 Qe7 41. Qe3 Qb7 42. Qf3 Qa7 43. b4 Qa4 44. Qb3 Qc6 45. Bf1 Qb6 46. Kf3 Qc6+
47. Kg3 Qc1 48. Bg2 Qe1+ 49. Kh2 Qf2 50. Qc4 Qb6 51. b5 Qb8 52. Kg3 Qb6 53. Kf3
Kg7 54. Kg3 Qe3+ 55. Kh2 Qb6 56. Qc6 Qf2 57. Qc7 h5 58. b6 h4 59. Qe5+ Kf8 60.
b7 Qg3+ 61. Kg1 {Black resigns} 1-0

[Event "Team 45 45 League T48"]
[Site "Internet Chess Club"]
[Date "2011.02.25"]
[Round "3"]
[White "bayoumicardio10"]
[Black "subterfuge"]
[Result "1-0"]
[WhiteElo "1626"]
[BlackElo "1754"]
[Opening "Caro-Kann: exchange, Rubinstein variation"]
[ECO "B13"]
[Time "15:02:06"]
[TimeControl "2700+45"]

1. e4 c6 2. d4 d5 3. exd5 cxd5 4. Bd3 Nf6 5. c3 Nc6 6. Bf4 Qa5 7. Nd2 g6 8. Ngf3
Bg7 9. O-O Nh5 10. Bg5 f6 11. Be3 Qc7 12. Re1 Bg4 13. Qb3 O-O-O 14. Rac1 Bxf3
15. Nxf3 Qd6 16. c4 e6 17. cxd5 exd5 18. Rxc6+ bxc6 19. Ba6+ Kd7 20. Qb7+ Qc7
21. Qxc7+ Kxc7 22. g4 Kb6 23. Bd3 Ng3 24. hxg3 Bf8 25. g5 Be7 26. gxf6 Bxf6 27.
Bf4 Rhe8 28. Ne5 g5 29. Bd2 Re7 30. Kf1 a5 31. Bxa5+ Kxa5 32. Nxc6+ Ka4 33. Nxe7
Bxd4 34. Nc6 Rb8 {Black resigns} 1-0

[Event "Team 45 45 League T48"]
[Site "Internet Chess Club"]
[Date "2011.02.23"]
[Round "3"]
[White "nursey"]
[Black "Innes"]
[Result "1/2-1/2"]
[WhiteElo "1613"]
[BlackElo "1728"]
[Opening "Queen's pawn: Charlick (Englund) gambit"]
[ECO "A40"]
[Time "14:36:26"]
[TimeControl "2700+45"]

1. d4 e5 2. dxe5 Nc6 3. Nf3 Nxe5 4. Nxe5 Nf6 5. Bg5 d6 6. Nf3 Bg4 7. e3 h6 8.
Bh4 g5 9. Bg3 Bg7 10. Bd3 Qe7 11. Bb5+ c6 12. Bxd6 Qe6 13. Be2 O-O-O 14. Nd4
Qxd6 15. Bxg4+ Kb8 16. c3 h5 17. Be2 c5 18. Nf5 Qe5 19. Qc2 Bf8 20. O-O Bd6 21.
Nxd6 Rxd6 22. Bc4 Ng4 23. g3 h4 24. Be2 Nxh2 25. Kxh2 hxg3+ 26. Kg1 g2 27. Kxg2
Qh2+ 28. Kf3 Rf6+ 29. Ke4 Qh7+ 30. Ke5 Re6+ 31. Kd5 Qxc2 32. Re1 Rd8+ 33. Kc4
Qxb2 34. Nd2 Qxd2 35. a3 Re4+ 36. Kb3 Qd5+ 37. c4 Qe5 38. Rad1 Rxd1 39. Rxd1 Qc7
40. Bd3 Re6 41. Bf5 Rb6+ 42. Kc2 Qe5 43. Rd8+ Kc7 44. Rc8+ Kd6 45. Rd8+ Ke7 46.
Rd7+ Kf6 47. Rd5 Qxd5 48. cxd5 Kxf5 49. Kc3 Ke4 50. Kc4 g4 51. Kxc5 Rd6 52. Kxd6
Kf3 53. Kc7 Kxf2 54. d6 g3 55. d7 g2 56. d8=Q g1=Q 57. Kxb7 Qb1+ 58. Kxa7 f5 59.
Qd2+ Kf3 60. a4 Qe4 61. a5 {Game drawn by mutual agreement} 1/2-1/2

[Event "Team 45 45 League T48"]
[Site "Internet Chess Club"]
[Date "2011.02.27"]
[Round "3"]
[White "MCJR"]
[Black "Sirian"]
[Result "0-1"]
[WhiteElo "1464"]
[BlackElo "1538"]
[Opening "Queen's pawn game"]
[ECO "A46"]
[Time "20:42:35"]
[TimeControl "2700+45"]

1. d4 Nf6 2. Nf3 e6 3. Bf4 Nh5 4. Bg5 Be7 5. Bxe7 Qxe7 6. e3 Nf6 7. c3 d5 8.
Nbd2 O-O 9. Bd3 c5 10. O-O c4 11. Bc2 a5 12. Re1 b5 13. e4 dxe4 14. Nxe4 Nbd7
15. Ne5 Bb7 16. Nxd7 Nxd7 17. Qh5 f5 18. Ng3 g6 19. Qe2 Bd5 20. b3 Qg5 21. bxc4
bxc4 22. f3 a4 23. Rab1 a3 24. Rb4 Rfb8 25. Rxb8+ Rxb8 26. Rb1 Rb2 27. Ra1 Nb6
28. Rb1 Kf7 29. Rxb2 Qc1+ 30. Qf1 axb2 31. Bb1 Na4 32. Ne2 Qe3+ 33. Qf2 Qd2 34.
h3 Nxc3 35. Nxc3 Qxc3 36. a4 Qc1+ 37. Qf1 c3 38. Kf2 c2 39. Qb5 Qd2+ 40. Kg3
Qg5+ 41. Kh2 Qf4+ 42. g3 Qd2+ 43. Kg1 cxb1=R+ {White resigns} 0-1

[Event "Team 45 45 League T48"]
[Site "Internet Chess Club"]
[Date "2011.02.25"]
[Round "3"]
[White "doublepar"]
[Black "Visin"]
[Result "1-0"]
[WhiteElo "1333"]
[BlackElo "1376"]
[Opening "Scotch game"]
[ECO "C45"]
[Time "14:00:37"]
[TimeControl "2700+45"]

1. e4 e5 2. Nf3 Nc6 3. d4 exd4 4. Nxd4 Nge7 5. Nc3 a6 6. Bg5 f6 7. Be3 d6 8. Be2
Nxd4 9. Bxd4 c5 10. Be3 Be6 11. Nd5 Nxd5 12. exd5 Bf7 13. c4 Be7 14. O-O O-O 15.
Bd3 Qd7 16. g4 Bg6 17. Bxg6 hxg6 18. Qd3 Qxg4+ 19. Kh1 Kf7 20. Rg1 Qf5 21. Qe2
Rh8 22. Rg2 Rh7 23. Re1 Rah8 24. Bf4 Bd8 25. Bxd6 g5 26. f3 Qd7 27. Bxc5 Qc7 28.
Qe6+ Kg6 29. Rxg5+ Kxg5 30. Be3+ Kh5 31. Qg4# {Black checkmated} 1-0

[Event "Team 45 45 League T48"]
[Site "Internet Chess Club"]
[Date "2011.02.27"]
[Round "3"]
[White "Ptzz"]
[Black "playwaycool"]
[Result "0-1"]
[WhiteElo "2110"]
[BlackElo "2092"]
[Opening "QGD semi-Slav: Botvinnik system (anti-Meran)"]
[ECO "D44"]
[Time "15:01:36"]
[TimeControl "2700+45"]

1. d4 d5 2. c4 c6 3. Nf3 Nf6 4. Nc3 e6 5. Bg5 dxc4 6. e4 b5 7. a4 b4 8. Na2 Ba6
9. Ne5 c3 10. Bxa6 Nxa6 11. bxc3 bxc3 12. O-O Qc7 13. Bxf6 gxf6 14. Ng4 Bg7 15.
Qf3 Ke7 16. d5 cxd5 17. exd5 f5 18. dxe6 fxe6 19. Ne3 Nc5 20. Nb4 Rhd8 21. Nc6+
Kf7 22. Nxd8+ Rxd8 23. Rad1 Rxd1 24. Rxd1 Kg6 25. g4 f4 26. Ng2 Be5 27. Qh3 Kg7
28. Qh5 c2 29. Qg5+ Kf7 30. Qh5+ Kf8 31. Rc1 Nd3 32. Qh6+ Bg7 33. Qxe6 Nxc1 34.
Qf5+ Kg8 35. Qe6+ Kf8 36. Qf5+ Ke8 37. Qe6+ Qe7 38. Qc8+ Kf7 39. Qf5+ Kg8 40.
Qc8+ Bf8 41. Qc4+ Kh8 42. Qc3+ Qg7 43. Qxc2 Qa1 44. Ne1 Nd3 45. Qxd3 Qxe1+ 46.
Kg2 Qe5 47. h4 Be7 48. Kh3 Bf6 49. Qd7 Qc3+ 50. Kg2 f3+ 51. Kg3 Be5+ 52. Kh3 Qc7
53. Qe8+ Kg7 54. Qe6 Qd6 55. Qf5 Qf6 56. Qd7+ Qf7 57. Qc8 Bc7 58. h5 h6 59. Qb7
Qf4 60. Qb2+ Qe5 {White resigns} 0-1

[Event "Team 45 45 League T48"]
[Site "Internet Chess Club"]
[Date "2011.02.26"]
[Round "3"]
[White "carokantor"]
[Black "Jack-ONeill"]
[Result "0-1"]
[WhiteElo "1931"]
[BlackElo "2055"]
[Opening "Queen's pawn: stonewall attack"]
[ECO "A45"]
[Time "09:00:44"]
[TimeControl "2700+45"]

1. d4 Nf6 2. e3 d5 3. Bd3 Bg4 4. f3 Bh5 5. Ne2 e6 6. c3 c5 7. Nd2 cxd4 8. exd4
Bd6 9. O-O Qc7 10. g3 Nc6 11. f4 Bg6 12. Nf3 Ne4 13. Ne5 f5 14. Nxg6 hxg6 15. h4
g5 16. hxg5 Qf7 17. Bxe4 dxe4 18. Be3 Qh5 19. Kf2 Qf3+ 20. Ke1 Qxe3 21. Qb3 Rh2
22. Qc2 O-O-O 23. b4 Kb8 24. a4 Nxd4 {White resigns} 0-1